cohdb
Replays
Latest Replays
All Replays
Popular Replays
Top Player Replays
Match Explorer
How It Works
Community
CoH3 Stats
Reddit
Sign in to upload your games and track your stats! →
Sign in with Steam
Match 27258553
Unlisted
Match 27258553
Overview
Messages
Build Orders
End
Construct Weapon Support Center
Selects Armored Battlegroup
Selects Assault Engineers
Assault Engineer Squad
Bazooka Squad
Assault Engineer Squad
M1919 Machine Gun Team
Assault Engineer Squad
Selects Strength in Steel
Assault Engineer Squad
Air Support Center
Construct Motor Pool
M1919 Machine Gun Team
Grasshopper Recon Run
Selects M31 Recovery Vehicle
M8 Greyhound Armored Car
P-47 Strafing Run
Grasshopper Recon Run
M1 Anti-tank Gun Team
PAUG.S®
Eber
xxxDerOzelotxxx
Eachen
WANKER gaming
Phan
kamacura
Blood
0
0
Comments
sign in to comment!
No comments posted yet!